 Dungeon Crawl Stone Soup version 0.28-a0-687-gb91baff9cc (webtiles) character file.

Game seed: 8340364356908516117

22460 lunkers the Thaumaturge (level 13, -7/102 HPs)
             Began as a Djinni Cinder Acolyte on Oct 19, 2021.
             Was a High Priest of Ignis.
             Mangled by a sixfirhy (9 damage)
             ... summoned by an orc high priest
             ... on level 9 of the Dungeon.
             The game lasted 00:41:23 (16648 turns).

lunkers the Thaumaturge (Djinni Cinder Acolyte)    Turns: 16648, Time: 00:41:24

Health: -7/102     AC: 14    Str: 13    XL:     13   Next: 27%
Gold:   601        EV: 10    Int: 28    God:    Ignis [*****.] SH:  0 Dex:  7

rFire   + + .      SeeInvis .   C - staff of cold
rCold   + . .      Faith    .   (no shield)
rNeg    + . .      Spirit   .   n - +4 ring mail
rPois   ∞          Reflect  .   c - +1 hat {Int+3}
rElec   .          Harm     .   e - +0 cloak
rCorr   .          Rampage  .   B - +2 pair of gloves
Will    +....                   (boots unavailable)
Stlth   ..........              l - amulet of regeneration
HPRegen 1.27/turn               z - ring of ice
MPRegen 0.00/turn               b - ring of Weliun {rN+ Int+4}

@: flying
A: sickness immunity, fire resistance 2, cold vulnerability 1, float, innate
caster, hp casting, extra vitality 1, clumsy 1
a: Renounce Religion, Sea of Fire, Foxfire Swarm, Rising Flame


You were on level 9 of the Dungeon.
You worshipped Ignis.
Ignis was extremely pleased with you.
You visited 3 branches of the dungeon, and saw 15 of its levels.

You collected 818 gold pieces.
You spent 217 gold pieces at shops.

Inventory:

Hand Weapons
 g - a +1 vampiric short sword
Missiles
 y - a throwing net
Armour
 c - a +1 hat of intelligence (worn)
 e - a +0 cloak (worn)
 k - the +3 leather armour of Puwumyo {Dex+6}
   (You bought it in a shop on level 7 of the Dungeon)

   Dex:       It affects your dexterity (+6).
 n - a +4 ring mail (worn)
 B - a +2 pair of gloves (worn)
 E - +0 acid dragon scales
 F - a +1 helmet
Magical Staves
 r - a staff of earth
 C - a staff of cold (weapon)
Jewellery
 b - the ring of Weliun (right hand) {rN+ Int+4}
   (You found it on level 6 of the Dungeon)

   [ring of positive energy]

   Int:       It affects your intelligence (+4).
   rN:        It protects you from negative energy.
 d - a ring of fire
 l - an amulet of regeneration (around neck)
 o - a ring of positive energy
 z - a ring of ice (left hand)
Wands
 i - a wand of flame (93)
 v - a wand of iceblast (10)
 x - a wand of paralysis (16)
Scrolls
 m - 2 scrolls of magic mapping
 p - 3 scrolls of enchant armour
Potions
 a - 3 potions of might {unknown}
 f - 2 potions of cancellation
 h - 2 potions of attraction
 j - 2 potions of ambrosia
 q - 2 potions of lignification
 s - 7 potions of curing
 t - 4 potions of heal wounds
 u - a potion of invisibility {unknown}
 w - 2 potions of flight
 A - a potion of brilliance
 D - a potion of resistance {unknown}
 I - a potion of haste


   Skills:
 + Level 12.7 Fighting
 - Level 2.6 Short Blades
 * Level 13.7 Spellcasting


You had 19 spell levels left.
You knew the following spells:

 Your Spells              Type           Power      Damage    Failure   Level
a - Sting                 Tmut/Pois      100%       1d8       1%          1
b - Slow                  Hex            77%        N/A       1%          2
c - Wereblood             Tmut           77%        N/A       1%          2
d - Fulminant Prism       Conj/Hex       38%        3d18      1%          4
e - Dispel Undead         Necr           77%        3d25      1%          4
f - Iskenderun's Battles  Conj           77%        2d13      1%          5
p - Scorch                Fire           100%       2d10      1%          2
Your spell library was empty.

Dungeon Overview and Level Annotations

Branches:
Dungeon (10/15)            Temple (0/1) D:4            Lair (4/6) D:8
 Shoals (0/4) Lair:3          Orc (1/2) D:9
  Snake: Lair:2-4    Spider: Lair:2-4

Altars:
Dithmenos
Elyvilon
Fedhas
Gozag
Hepliaklqana
Kikubaaqudgha
Makhleb
Qazlal
Sif Muna
Trog
Uskayaw
Xom
Yredelemnul
The Shining One

Shops:
D:1 !?:   D:7 [*   D:9 [*

Annotations:
D:6 2 runed translucent doors, AttackTheMoon's ghost, novice NaFi
D:9 1 runed translucent door, swinepaste's ghost, journeyman DsAK


Innate Abilities, Weirdness & Mutations

You are immune to sickness and miasma.
You are immune to poison.
Your flesh is very heat resistant. (rF++)
You are vulnerable to cold. (rC-)
You float through the air rather than walking.
You learn spells naturally, not from books.
Your magical power is your life essence.
You have superior vitality. (+4 HP)
You are clumsy. (Dex -2)


Message History

The neqoxec is almost dead.
The orc hits you with a +0 club.
* * * LOW HITPOINT WARNING * * *
The neqoxec gestures at you.
Strange energies course through your body.
You feel clumsy.
Unknown command.
Unknown command.
The orc warrior barely misses you.
Your fulminant prism explodes!
The blast of energy engulfs the neqoxec!!
You kill the neqoxec!
The neqoxec disappears in a puff of smoke!
The blast of energy engulfs the orc high priest!!!
The orc high priest is severely wounded.
The orc high priest hits you but does no damage.
Unknown command.
Unknown command.
The orc high priest mumbles some strange prayers to Beogh.
Unknown command.
Aiming: Iceblast
Press: ? - help, Shift-Dir - straight line The mass of ice explodes!
The iceblast engulfs the orc warrior!
The orc warrior is moderately wounded.
The iceblast engulfs the orc high priest!
The orc high priest is almost dead.
The iceblast engulfs the sixfirhy!!
The sixfirhy is heavily wounded.
The sixfirhy hits you.
* * * LOW HITPOINT WARNING * * *
The sixfirhy shocks you!
* * * LOW HITPOINT WARNING * * *
The sixfirhy hits you.
* * * LOW HITPOINT WARNING * * *
The sixfirhy shocks you!
* * * LOW HITPOINT WARNING * * *
The sixfirhy hits you!
* * * LOW HITPOINT WARNING * * *
The sixfirhy shocks you!
You die...

...##..##...########...........#
...##.......#......#...........#
......#######......#...........#
......#............#..######...#
#######...........>#...........#
...................#...........#
...............4o..#...........#
...........##..oo3.#......###..#
####.......##...@..#......# #..#
..8#.########.............###..#
.._#.##....##..................#
..8#..............#'#..........#
####..............#_#..........#
..................###..........#
............................(..#
'##............................#
..#........##......#...........#


You could see an orc high priest, a sixfirhy (summoned), a chaos spawn
(summoned), an orc warrior and an orc.

Vanquished Creatures
  Gastronok (Lair:3)
  A two-headed ogre (D:6)
  A hydra (Lair:2)
  Urug (Lair:2)
  A cyclops (D:6)
  3 black mambas
  4 cane toads
  2 rime drakes
  Psyche (D:8)
  9 komodo dragons
  3 hornets (D:8)
  A polar bear (Lair:2)
  A snapping turtle (Lair:3)
  3 blink frogs (Lair:4)
  7 dream sheep (Lair:3)
  4 wyverns
  23 yaks
  A basilisk (Lair:1)
  3 steam dragons
  An acid dragon (D:9)
  Duvessa (D:5)
  4 water moccasins
  5 black bears
  6 orc warriors
  4 sky beasts
  3 necrophages
  3 ogres
  3 wolves (Lair:3)
  8 centaurs
  4 kobold brigands
  2 gnoll sergeants
  10 bullfrogs
  2 scorpions
  Dowan (D:5)
  9 killer bees
  2 electric eels
  5 wights
  2 howler monkeys
  A bullfrog zombie (D:5)
  A jelly (D:6)
  4 centaur zombies
  2 hounds (D:7)
  2 gnoll shamans
  10 orc priests
  2 bullfrog skeletons
  3 iguanas
  16 orc wizards
  A killer bee zombie (D:9)
  17 gnolls
  A howler monkey skeleton (D:6)
  3 howler monkey zombies
  7 adders
  2 shadow imps (D:6)
  2 white imps
  4 ufetubi
  2 adder skeletons (D:4)
  2 dart slugs
  32 orcs
  5 ball pythons
  4 endoplasms
  2 giant cockroaches
  7 goblins
  5 hobgoblins
  4 bats
  9 kobolds
  8 rats
  A butterfly (Lair:4)
304 creatures vanquished.

Vanquished Creatures (others)
  7 fulminant prisms
  19 fungi
  54 plants
80 creatures vanquished.

Grand Total: 384 creatures vanquished

Notes
Turn   | Place    | Note
-------+----------+-------------------------------------------
     0 | D:1      | lunkers the Djinni Cinder Acolyte began the quest for the
                  | Orb.
     0 | D:1      | Reached XP level 1. HP: 20/20 MP: 0/0
     9 | D:1      | Found Geceus's Distillery.
   373 | D:1      | Found a faded altar of an unknown god.
   464 | D:1      | Found Ijaux's Book Emporium.
   476 | D:1      | Reached XP level 2. HP: 18/25 MP: 0/0
   563 | D:1      | Found Logyxz Vahy's Magic Scroll Shoppe.
  1256 | D:2      | Reached XP level 3. HP: 13/30 MP: 0/0
  1256 | D:2      | Learned a level 1 spell: Sting
  1257 | D:2      | Reached skill level 3 in Spellcasting
  1465 | D:2      | Reached XP level 4. HP: 29/36 MP: 0/0
  2383 | D:2      | Reached XP level 5. HP: 25/41 MP: 0/0
  2383 | D:2      | Learned a level 2 spell: Slow
  2648 | D:3      | Found a burning altar of Makhleb.
  2779 | D:3      | Reached skill level 4 in Spellcasting
  2979 | D:3      | Found a glowing golden altar of the Shining One.
  3000 | D:3      | Found a basalt altar of Yredelemnul.
  3003 | D:3      | Noticed a profane servitor
  3588 | D:3      | Reached XP level 6. HP: 33/48 MP: 0/0
  3958 | D:4      | Noticed an ogre
  3963 | D:4      | Killed an ogre
  4023 | D:4      | Found a staircase to the Ecumenical Temple.
  4136 | D:4      | Reached XP level 7. HP: 47/53 MP: 0/0
  4136 | D:4      | Learned a level 2 spell: Wereblood
  4508 | D:5      | Entered Level 5 of the Dungeon
  4816 | D:5      | Found a stormy altar of Qazlal.
  4831 | D:5      | Reached skill level 5 in Fighting
  4831 | D:5      | Reached skill level 5 in Spellcasting
  5294 | D:5      | Noticed Duvessa
  5313 | D:5      | Noticed Dowan
  5318 | D:5      | Killed Duvessa
  5322 | D:5      | Killed Dowan
  5323 | D:5      | Reached XP level 8. HP: 11/60 MP: 0/0
  5872 | D:6      | Found a runed translucent door.
  5876 | D:6      | Noticed AttackTheMoon's ghost (novice NaFi)
  5896 | D:6      | Found a runed translucent door.
  6019 | D:6      | Reached skill level 6 in Spellcasting
  6953 | D:6      | Found a bloodstained altar of Trog.
  7312 | D:6      | Reached skill level 7 in Spellcasting
  7315 | D:6      | Reached XP level 9. HP: 31/67 MP: 0/0
  7315 | D:6      | Learned a level 4 spell: Fulminant Prism
  7777 | D:6      | Noticed a two-headed ogre
  7965 | D:6      | Noticed a cyclops
  7990 | D:6      | HP: 2/68 [cyclops (25)]
  7992 | D:6      | Killed a cyclops
  7993 | D:6      | Reached skill level 8 in Spellcasting
  8306 | D:6      | Killed a two-headed ogre
  8307 | D:6      | Reached XP level 10. HP: 65/76 MP: 0/0
  8392 | D:6      | Identified the ring of Weliun {rN+ Int+4}
  8577 | D:7      | Found Assepih's Assorted Antiques.
  8580 | D:7      | Bought a bloodstained leather armour for 217 gold pieces
  8580 | D:7      | Identified the +3 leather armour of Puwumyo {Dex+6} (You
                  | bought it in a shop on level 7 of the Dungeon)
  8646 | D:7      | Reached skill level 9 in Spellcasting
  9042 | D:7      | Found Siafoyguput's Armour Shop.
  9474 | D:7      | Found a hazy altar of Hepliaklqana.
 10105 | D:8      | Noticed Psyche
 10121 | D:8      | Killed Psyche
 10396 | D:8      | Reached skill level 10 in Spellcasting
 10431 | D:8      | Identified a scroll of acquirement
 10431 | D:8      | Acquired an amulet of regeneration
 10573 | D:8      | Reached XP level 11. HP: 69/84 MP: 0/0
 10573 | D:8      | Learned a level 4 spell: Dispel Undead
 10644 | D:8      | Found a hide-covered altar of Uskayaw.
 10794 | D:8      | Found a staircase to the Lair.
 10936 | D:8      | Reached skill level 10 in Fighting
 11315 | D:9      | Reached skill level 11 in Spellcasting
 11411 | D:9      | Found Plog's Demolitions Depot.
 11729 | D:9      | Found Komaeg's Armour Shoppe.
 11994 | D:9      | Found a staircase to the Orcish Mines.
 12048 | D:9      | Found a blossoming altar of Fedhas.
 12079 | D:9      | Found an opulent altar of Gozag.
 12172 | D:9      | Found a runed translucent door.
 12172 | D:9      | Found a shimmering altar of Xom.
 12172 | D:9      | Noticed swinepaste's ghost (journeyman DsAK)
 12172 | D:9      | Noticed a +0 dire flail of chaos
 12353 | D:10     | Entered Level 10 of the Dungeon
 12578 | D:10     | Found a shadowy altar of Dithmenos.
 12579 | D:10     | Found a white marble altar of Elyvilon.
 12628 | D:10     | Noticed a phantasmal warrior
 12762 | D:10     | Noticed a death knight
 12837 | Lair:1   | Entered Level 1 of the Lair of Beasts
 13173 | Lair:1   | Reached XP level 12. HP: 91/94 MP: 0/0
 13323 | Lair:1   | Reached skill level 12 in Spellcasting
 14047 | Lair:2   | Noticed an eight-headed hydra
 14054 | Lair:2   | Killed an eight-headed hydra
 14153 | Lair:2   | Noticed Urug
 14160 | Lair:2   | Killed Urug
 15045 | Lair:3   | Found a staircase to the Shoals.
 15138 | Lair:3   | Noticed Gastronok
 15463 | Lair:3   | Reached skill level 13 in Spellcasting
 15700 | Lair:3   | Reached XP level 13. HP: 55/102 MP: 0/0
 15700 | Lair:3   | Learned a level 5 spell: Iskenderun's Battlesphere
 15803 | Lair:3   | Killed Gastronok
 16297 | Lair:4   | Noticed a four-headed hydra
 16438 | Lair:4   | Noticed a four-headed hydra
 16634 | Orc:1    | Entered Level 1 of the Orcish Mines
 16645 | D:9      | Gained mutation: You are clumsy. (Dex -2) [a neqoxec]
 16648 | D:9      | HP: 2/102 [sixfirhy[an orc high priest] (10)]
 16648 | D:9      | Mangled by a sixfirhy

Illustrated notes

Levels and vault maps discovered:
D:1:      mrwooster_arrival_statue_3, layout_basic,
          ebering_ecumenical_altar_sacrificial, serial_shops, shop,
          nicolae_shop_behind_doors, nicolae_shop_statue_plus
D:2:      layout_rooms
D:3:      layout_loops_ring, grunt_temple_overflow_holy_war,
          mainiacjoe_overflow_boulevard
D:4:      layout_rooms, lemuel_blue_sif_altar, minmay_temple_entry_overgrown
D:5:      layout_loops_cross, kiku_gazebo_pond_becter,
          nicolae_qazlal_scattered_showers, uniq_duvessa
D:6:      kennysheep_windowed_halls, layout_basic, marbit_many_paths,
          ebering_ghost_sewer_f
D:7:      layout_basic, mainiacjoe_overflow_surrounded_room, serial_shops, shop,
          nicolae_stop_n_shop_2
D:8:      layout_cave_pools, kennysheep_mini, grunt_lair_entry_orc_guard_hut,
          serial_bayou, serial_bayou_pond_c, serial_bayou_pond_b,
          serial_bayou_crossing, serial_bayou_lagoon_a, minmay_alternating_orb,
          uniq_psyche
D:9:      minmay_s_stair_smasher, layout_stronghold, grunt_gozag_breadcrumbs,
          kennysheep_mini_moat, serial_shops, nicolae_inconvenience_store,
          ebering_ghost_xom, nicolae_blasting_shop
D:10:     layout_roguey, mainiacjoe_overflow_divided_tiny
Lair:1:   layout_regular_city, grunt_megastairs_3, serial_bayou_shore_a,
          infiniplex_staircase_pool
Lair:2:   layout_small_grid, uniq_urug
Lair:3:   layout_cave_pods, minmay_shoals_entry_hut, uniq_gastronok
Lair:4:   layout_long_grid, spider_nest_entry_a, serial_bayou_pond_a,
          lemuel_fruit_fields, lemuel_fruit_tree
Orc:1:    layout_diamond_mine, gammafunk_ghost_arena

Skill      XL: |  1  2  3  4  5  6  7  8  9 10 11 12 |
---------------+-------------------------------------+-----
Spellcasting   | 3 4 5 7 8 10 11 13 | 13.7
Fighting       | 4 5 6 8 9 11 12 | 12.7
Short Blades   | |  2.6

Action                   |  1- 3 |  4- 6 |  7- 9 | 10-12 | 13-15 || total
-------------------------+-------+-------+-------+-------+-------++-------
Melee: Short sword       |    71 |       |     1 |       |       ||    72
       Staff             |       |       |       |     1 |     1 ||     2
 Cast: Scorch            |     7 |    72 |   143 |   492 |    51 ||   765
       Sting             |       |    24 |       |     1 |     4 ||    29
       Slow              |       |     1 |       |       |       ||     1
       Dispel Undead     |       |       |       |     1 |       ||     1
       Fulminant Prism   |       |       |       |     2 |     6 ||     8
       Iskenderun's Batt |       |       |       |       |     3 ||     3
Evoke: Wand              |       |       |    10 |     6 |     1 ||    17
  Use: Scroll            |       |       |    12 |    12 |     3 ||    27
Armor: Robe              |    22 |     1 |       |       |       ||    23
       Ring mail         |       |    25 |    38 |   159 |    32 ||   254
Dodge: Dodged            |    46 |    35 |    29 |   167 |    41 ||   318

Table legend: (Time is in decaauts)
 A = Elapsed time spent in this place.
 B = Non-inter-level travel time spent in this place.
 C = Inter-level travel time spent in this place.
 D = Time resting spent in this place.
 E = Time spent auto-exploring this place.
 F = Levels seen in this place.
 G = Mean time per level.
                   A        B        C        D        E       F      G
               +--------+--------+--------+--------+--------+-----+--------+
         Total |  16659 |  16191 |    468 |   2150 |  10922 |  15 | 1110.6 |
       Dungeon |  12976 |  12668 |    308 |   2072 |   8548 |  10 | 1297.6 |
          Lair |   3679 |   3520 |    159 |     78 |   2374 |   4 |  919.8 |
  Orcish Mines |      4 |      4 |      0 |      0 |      0 |   1 |    4.0 |
               +--------+--------+--------+--------+--------+-----+--------+

Top non-repeatable levels by time:
     D:6: 2778 daAuts
  Lair:3: 1727 daAuts
     D:7: 1602 daAuts
     D:2: 1291 daAuts
     D:5: 1287 daAuts
     D:9: 1244 daAuts
     D:3: 1219 daAuts
     D:1: 1178 daAuts
     D:8: 1129 daAuts
  Lair:1: 917 daAuts
  Lair:2: 877 daAuts
     D:4: 818 daAuts
    D:10: 424 daAuts
  Lair:4: 157 daAuts
   Orc:1: 4 daAuts
